 Dungeon Crawl Stone Soup version 0.27-a0-1090-gb115f176c6 (webtiles) character file.

Game seed: 243889407004391138

314311 jestyr24 the Sorcerer (level 21, -32/164 HPs)
             Began as a Djinni Conjurer on Apr 26, 2021.
             Was the Champion of Makhleb.
             Annihilated by an ironbound frostheart (39 damage)
             ... on level 1 of the Vaults on Apr 27, 2021.
             The game lasted 08:26:28 (34825 turns).

jestyr24 the Sorcerer (Djinni Conjurer)            Turns: 34825, Time: 08:26:28

Health: -32/164    AC: 16    Str:  7    XL:     21   Next: 35%
Gold:   4954       EV: 19    Int: 35    God:    Makhleb [******] SH:  8 Dex: 19

rFire    + + +     SeeInvis .   B - staff of conjuration
rCold    x . .     Faith    .   U - +0 buckler
rNeg     . . .     Spirit   .   M - +4 troll leather armour
rPois    ∞         Reflect  .   K - +2 hat
rElec    .         Harm     .   t - +2 cloak
rCorr    .         Rampage  .   c - +1 pair of gloves
Will     ++...                  (boots unavailable)
Stlth    ++++......             m - amulet of regeneration
HPRegen  2.37/turn              P - +6 ring of intelligence
MPRegen  0.00/turn              C - ring of the Octopus King {rF+ AC+1 EV+1 Str+1 Int+1 Dex+1}

@: flying, studying 2 skills
A: fire resistance 3, cold vulnerability 1, float, innate caster, hp casting,
extra vitality 1, horns 1, thin skeletal structure 1, agile 1
}: 2/15 runes: serpentine, barnacled
a: Renounce Religion, Minor Destruction, Lesser Servant of Makhleb, Major
Destruction, Greater Servant of Makhleb


You were on level 1 of the Vaults.
You worshipped Makhleb.
Makhleb was exalted by your worship.
You visited 8 branches of the dungeon, and saw 34 of its levels.
You also visited: Bailey and Gauntlet.

You collected 5644 gold pieces.
You spent 690 gold pieces at shops.

Inventory:

Hand Weapons
 o - the +8 autumn katana {vorpal, Clar}
   (You found it on level 3 of the Elven Halls)

   It inflicts extra damage upon your enemies.
   It protects you against confusion.
 R - a +7 hand crossbow of freezing
Missiles
 b - 39 silver javelins
 n - 19 curare-tipped darts
 w - 12 throwing nets
 D - 3 boomerangs of dispersal
 J - 26 silver boomerangs
Armour
 c - a +1 pair of gloves (worn)
 l - the +1 robe of Intercession {Str+5 Int+4 Stlth+}
   (You found it on level 5 of the Dungeon)

   It affects your strength (+5).
   It affects your intelligence (+4).
   It makes you more stealthy.
 t - a +2 cloak (worn)
 z - a +0 tower shield
 F - a scarf of repulsion
 K - a +2 hat (worn)
 M - a +4 troll leather armour (worn)
 U - a +0 buckler (worn)
Magical Staves
 B - a staff of conjuration (weapon)
Jewellery
 d - a ring of willpower
 g - the macabre finger necklace {rN+}
   (You found it on level 10 of the Dungeon)

   [amulet of nothing]

   It enables you to equip an extra ring.
   It protects you from negative energy.
 m - an amulet of regeneration (around neck)
 q - a ring of resist corrosion
 C - a ring of the Octopus King (right hand) {rF+ AC+1 EV+1 Str+1 Int+1 Dex+1}
   (You found it in a Gauntlet)

   [ring of protection from fire]

   It affects your AC (+1).
   It affects your evasion (+1).
   It affects your strength (+1).
   It affects your intelligence (+1).
   It affects your dexterity (+1).
   It protects you from fire.
 G - an amulet of reflection
 P - a +6 ring of intelligence (left hand)
Wands
 p - a wand of charming (12)
 v - a wand of polymorph (30)
 H - a wand of digging (14)
 L - a wand of paralysis (18)
 T - a wand of mindburst (23)
Scrolls
 f - 21 scrolls of teleportation
 k - 8 scrolls of fear
 r - 6 scrolls of identify
 x - a scroll of fog
 I - 3 scrolls of blinking
 V - a scroll of summoning
 W - 2 scrolls of holy word
 X - 5 scrolls of enchant weapon
Potions
 a - 18 potions of curing
 i - 4 potions of mutation
 j - 5 potions of heal wounds
 s - 4 potions of cancellation
 A - 5 potions of haste
 E - 4 potions of ambrosia
 N - 2 potions of resistance
 O - 2 potions of might
 Q - a potion of brilliance
Miscellaneous
 e - a tin of tremorstones (2/2)
 Y - a condenser vane


   Skills:
 * Level 18.6 Fighting
 - Level 0.5 Polearms
 - Level 2.1 Armour
 + Level 10.3 Dodging
 - Level 6.0 Stealth
 * Level 12.1 Shields
 + Level 22.4 Spellcasting


You had 5 spell levels left.
You knew the following spells:

 Your Spells              Type           Power      Damage    Failure   Level
a - Magic Dart            Conj           100%       1d8       0%          1
b - Searing Ray           Conj           100%       3d7       0%          2
c - Dazzling Flash        Conj/Hex       100%       N/A       0%          3
d - Fulminant Prism       Conj/Hex       69%        3d28      0%          4
e - Iskenderun's Mystic   Conj/Tloc      100%       2d19      0%          4
f - Beastly Appendage     Tmut           100%       N/A       0%          1
g - Call Imp              Summ           100%       N/A       0%          2
h - Conjure Flame         Conj/Fire      100%       6-21      0%          3
i - Gell's Gravitas       Tloc           57%        N/A       0%          3
j - Animate Armour        Summ/Erth      100%       N/A       0%          4
k - Summon Forest         Summ/Tloc      57%        N/A       0%          5
l - Shadow Creatures      Summ           N/A        N/A       0%          6
m - Invisibility          Hex            100%       N/A       0%          6
n - Malign Gateway        Summ/Tloc      57%        N/A       1%          7
o - Discord               Hex            57%        N/A       1%          8
Your spell library was empty.

Dungeon Overview and Level Annotations

Branches:
Dungeon (13/15)            Temple (1/1) D:4            Lair (6/6) D:8
 Shoals (4/4) Lair:2        Snake (4/4) Lair:4        Slime (0/5) Lair:6
    Orc (2/2) D:10            Elf (3/3) Orc:2        Vaults (1/5) D:13
 Bailey (visited)         Gauntlet (visited)

Altars:
Ashenzari
Cheibriados
Dithmenos
Elyvilon
Fedhas
Gozag
Hepliaklqana
Kikubaaqudgha
Makhleb
Nemelex Xobeh
Okawaru
Qazlal
Ru
Sif Muna
Trog
Uskayaw
Vehumet
Wu Jian
Xom
Yredelemnul
Zin
The Shining One
Beogh
Jiyva

Shops:
D:10 *   D:12 :!(*   Orc:2 ?::[   Elf:1 :   Elf:3 (   Shoals:1 !   Snake:4 ((

Portals:
Trove: Elf:2 (lose all piety)

Annotations:
Lair:3 2 transporters
Elf:1 3 runed translucent doors


Innate Abilities, Weirdness & Mutations

You are immune to poison.
Your flesh is almost immune to the effects of heat. (rF+++)
You are vulnerable to cold. (rC-)
You float through the air rather than walking.
You learn spells naturally, not from books.
Your magical power is your life essence.
You have superior vitality. (+4 HP)
You have a pair of small horns on your head.
You have a somewhat thin skeletal structure. (Dex +2, Stealth+)
You are agile. (Dex +2)


Message History

Press: ? - help, Dir - move target You feel a surge of power!
You conjure a prism of explosive energy!
A fulminant prism comes into view.
Casting: Fulminant Prism (safe; 0% risk of failure)
Confirm with . or Enter, or press ? or * to list all spells.
You feel a surge of power!
You erupt in a blast of force!
The mystic blast hits the deep troll!!
The deep troll is moderately wounded.
The deep troll is knocked back by the mystic blast.
The ironbound frostheart calls freezing cold from the walls.
The frost grips you!!!
You feel a painful chill!
Your fulminant prism crackles loudly.
Casting: Iskenderun's Mystic Blast (safe; 0% risk of failure)
Confirm with . or Enter, or press ? or * to list all spells.
You feel a surge of power!
You erupt in a blast of force!
The mystic blast hits the deep troll!!
The deep troll is almost dead.
The deep troll is knocked back by the mystic blast.
The ironbound frostheart calls freezing cold from the walls.
The frost grips you!!!
You feel a painful chill!
* * * LOW HITPOINT WARNING * * *
Your fulminant prism explodes!
The blast of energy engulfs the deep troll!!
You kill the deep troll!
Makhleb accepts your kill.
You feel better.
The troll leather armour is intact enough to wear.
The blast of energy engulfs you!!
* * * LOW HITPOINT WARNING * * *
The ice encasing you melts away.
Casting: Iskenderun's Mystic Blast (safe; 0% risk of failure)
Confirm with . or Enter, or press ? or * to list all spells.
The ironbound frostheart flies into a frenzy!
* * * LOW HITPOINT WARNING * * *
The ironbound frostheart shouts!
The ironbound frostheart touches you!!
* * * LOW HITPOINT WARNING * * *
The ironbound frostheart freezes you!!!
You feel a terrible chill!
You die...

#. #.. #.p###### #.......#
#...[...#
####'################'#######
............................#
............................#
....(...........@p.)........#
.............[..)...........#
#####)#############+#########
#.......# #.......# #..∩....#
#.......# #.......# #.......#


You could see a neutral ironbound frostheart (fast, strong, insane).

Vanquished Creatures
  Rupert (D:12)
  A deep elf master archer (Elf:3)
  A kraken (Shoals:1)
  Gastronok (D:8)
  Kirke (D:12)
  A storm dragon (Elf:1)
  A nagaraja (Snake:3)
  The ghost of HendSelp the Warrior, a journeyman MiGl of Dithmenos (Orc:1)
  An azure jelly (shapeshifter) (D:13)
  Ilsuiw (Shoals:4)
  A deep elf sorcerer (Elf:3)
  2 orc warlords
  The ghost of Qoceumut the Corrupter of Planes, a journeyman DsAK of Lugonu (Shoals:1)
  2 deep elf elementalists (Elf:3)
  An ironbound preserver (Vaults:1)
  Azrael (D:12)
  8 deep elf annihilators (Elf:3)
  A minotaur (Gauntlet)
  4 deep elf death magi (Elf:3)
  5 merfolk javelineers
  9 merfolk impalers
  A fire dragon (Elf:1)
  8 deep elf high priests
  A great orb of eyes (shapeshifter) (D:13)
  A rakshasa (D:13)
  Erolcha (D:13)
  An alligator snapping turtle (Shoals:4)
  2 catoblepae (Shoals:2)
  15 naga warriors
  Harold (D:8)
  4 boulder beetles
  11 hydras
  12 anacondas
  7 salamander tyrants
  A death knight (D:9)
  6 merfolk avatars
  6 merfolk aquamancers
  33 dancing weapons
  2 centaur warriors (D:13)
  7 two-headed ogres
  3 satyrs (Shoals:4)
  A death yak (Shoals:2)
  9 naga sharpshooters
  A hell hog (Gauntlet)
  13 shock serpents
  A thrashing horror (Gauntlet)
  Sonja (Lair:6)
  Urug (Lair:2)
  5 orc high priests
  18 deep elf knights
  Nergalle (D:10)
  12 spriggans (Lair:6)
  9 sea snakes
  10 salamander mystics (Snake:4)
  8 naga ritualists
  8 deep elf archers
  4 lindwurms (Snake:4)
  3 deep trolls (Vaults:1)
  28 deep elf pyromancers
  7 orc knights
  Pikel (D:8)
  9 harpies (Shoals:1)
  25 deep elf zephyrmancers
  17 mana vipers
  6 orc sorcerers
  3 oklob plants (Lair:1)
  15 fauns
  9 manticores
  6 ugly things
  21 salamanders
  5 cyclopes
  5 elephants
  2 vault sentinels (Vaults:1)
  9 merfolk sirens
  9 guardian serpents
  38 black mambas
  A water nymph (shapeshifter) (Elf:2)
  11 cane toads
  14 naga magi
  2 torpor snails
  Maggie (D:8)
  7 water nymphs
  3 kobold demonologists
  3 unseen horrors
  7 komodo dragons
  2 rime drakes
  The ghost of derath95 the Covered, a novice GrFi of Cheibriados (D:5)
  A meliai (D:9)
  5 trolls
  17 merfolk
  5 polar bears
  7 wind drakes
  Prince Ribbit (D:7)
  4 hornets
  5 snapping turtles
  19 blink frogs
  6 slime creatures
  7 dream sheep
  A meliai zombie (D:6)
  4 air elementals
  A tarantella (shapeshifter) (D:12)
  2 shadows (D:12)
  15 water elementals
  4 wyverns
  A spriggan (shapeshifter) (D:12)
  2 vampires
  16 humans (D:13)
  3 basilisks
  2 wraiths
  4 fire bats (Gauntlet)
  30 yaks
  7 fire elementals
  2 hogs (D:12)
  2 vampire mosquitoes (D:12)
  3 swamp worms (Gauntlet)
  2 small abominations (Gauntlet)
  2 wargs (Orc:2)
  37 nagas
  2 acid dragons (D:12)
  6 hell hounds
  18 water moccasins
  60 orc warriors
  2 hornet zombies
  3 black bears (Lair:6)
  A sky beast (D:6)
  3 necrophages (Lair:5)
  2 ice beasts
  14 ogres
  4 boggarts (Lair:6)
  6 centaurs
  A phantom (D:4)
  36 wolves
  2 lemures (D:8)
  12 bullfrogs
  2 kobold brigands
  4 gnoll sergeants
  2 scorpions (D:5)
  A wyvern zombie (D:6)
  2 earth elementals (Elf:3)
  A water moccasin zombie (D:5)
  A water moccasin skeleton (D:5)
  2 electric eels
  4 wights
  A howler monkey (D:9)
  6 centaur zombies
  A bullfrog zombie (D:5)
  2 jellies (D:6)
  27 orc priests
  A centaur skeleton (D:5)
  3 hounds (D:6)
  An iguana (D:5)
  19 orc wizards
  11 hell rats
  A hound skeleton (D:5)
  2 howler monkey zombies
  33 gnolls
  6 adders
  A shadow imp (D:6)
  4 white imps
  2 worms
  4 dart slugs
  141 orcs
  11 ball pythons
  7 bats
  14 endoplasms
  11 giant cockroaches
  23 goblins
  19 hobgoblins
  6 jackals
  3 quokkas
  3 frilled lizards
  9 kobolds
  13 rats
  6 fulminant prisms
  3 tentacles (Shoals:1)
1342 creatures vanquished.

Vanquished Creatures (collateral kills)
  Polyphemus (Shoals:2)
  2 deep elf demonologists (Elf:3)
  A deep elf annihilator (Elf:3)
  A merfolk javelineer (Shoals:2)
  2 deep elf high priests (Elf:3)
  A hydra (D:13)
  A deep elf knight (Elf:3)
  A two-headed ogre (D:13)
  A dancing weapon (Elf:1)
  A death yak (Shoals:2)
  An orc high priest (Orc:2)
  A sea snake (Shoals:4)
  A deep elf archer (Elf:1)
  2 deep elf zephyrmancers (Elf:3)
  4 deep elf pyromancers
  3 fauns
  A merfolk siren (Shoals:2)
  2 manticores (Shoals:1)
  A naga mage (Snake:3)
  A gargoyle (D:13)
  A wind drake (Shoals:4)
  A snapping turtle (Shoals:1)
  3 dream sheep (Lair:4)
  A basilisk (Lair:2)
  A naga (Snake:3)
  7 orc warriors
  An ogre (Orc:2)
  9 wolves
  6 orc priests
  5 orc wizards
  9 orcs
  3 jackals (D:4)
  A kobold (D:4)
  A ball python (D:4)
  3 fulminant prisms (D:13)
81 creatures vanquished.

Vanquished Creatures (others)
  A deep elf master archer (Elf:3)
  3 eldritch tentacles
  A deep elf elementalist (Elf:3)
  A deep elf demonologist (Elf:3)
  A deep elf annihilator (Elf:3)
  A centaur warrior (D:13)
  A deep elf archer (Elf:3)
  A shadow (D:13)
  An air elemental (Elf:1)
  A water elemental (Shoals:2)
  A vampire mosquito (D:13)
  An acid dragon (D:13)
  A gnoll sergeant (D:13)
  A howler monkey (D:13)
  An orc priest (Orc:2)
  4 demonic plants (Gauntlet)
  684 fulminant prisms
  44 fungi
  198 plants
  A snaplasher vine (Bailey)
  9 tentacles (Shoals:1)
957 creatures vanquished.

Grand Total: 2380 creatures vanquished

Notes
Turn   | Place    | Note
-------+----------+-------------------------------------------
     0 | D:1      | jestyr24 the Djinni Conjurer began the quest for the Orb.
     0 | D:1      | Reached XP level 1. HP: 15/15 MP: 0/0
     1 | D:1      | Found a runed translucent door.
   149 | D:1      | Reached XP level 2. HP: 9/21 MP: 0/0
   445 | D:1      | Reached skill level 4 in Spellcasting
   883 | D:1      | Reached XP level 3. HP: 23/25 MP: 0/0
   883 | D:1      | Learned a level 1 spell: Beastly Appendage
  2232 | D:2      | Reached XP level 4. HP: 26/31 MP: 0/0
  3252 | D:3      | Reached skill level 5 in Spellcasting
  3264 | D:3      | Reached XP level 5. HP: 26/35 MP: 0/0
  3264 | D:3      | Learned a level 2 spell: Call Imp
  3999 | D:1      | Gained mutation: You are agile. (Dex +2) [potion of
                  | mutation]
  3999 | D:1      | Gained mutation: You have a pair of small horns on your
                  | head. [potion of mutation]
  3999 | D:1      | Gained mutation: You have a somewhat thin skeletal
                  | structure. (Dex +2, Stealth+) [potion of mutation]
  3999 | D:1      | Gained mutation: Your flesh is almost immune to the effects
                  | of heat. (rF+++) [potion of mutation]
  4300 | D:4      | Reached XP level 6. HP: 40/41 MP: 0/0
  4343 | D:4      | Found a staircase to the Ecumenical Temple.
  4355 | Temple   | Entered the Ecumenical Temple
  4564 | Temple   | Became a worshipper of Makhleb the Destroyer
  4869 | D:4      | Reached skill level 1 in Fighting
  4869 | D:4      | Reached skill level 6 in Spellcasting
  4973 | D:4      | Reached XP level 7. HP: 46/47 MP: 0/0
  4973 | D:4      | Learned a level 3 spell: Conjure Flame
  5068 | D:4      | Reached * piety under Makhleb
  5239 | D:5      | Entered Level 5 of the Dungeon
  5323 | D:5      | Reached skill level 7 in Spellcasting
  5390 | D:5      | Reached XP level 8. HP: 52/52 MP: 0/0
  5650 | D:5      | Identified the +1 robe of Intercession {Str+5 Int+4 Stlth+}
  5842 | D:5      | Found a runed translucent gate.
  5842 | D:5      | Found a runed translucent gate.
  5845 | D:5      | Found a runed translucent gate.
  5846 | D:5      | Noticed derath95's ghost (novice GrFi)
  5856 | D:5      | Killed derath95's ghost
  5857 | D:5      | Reached skill level 8 in Spellcasting
  6075 | D:6      | Reached ** piety under Makhleb
  6087 | D:6      | Found a broken altar of Ashenzari.
  6090 | D:6      | Reached XP level 9. HP: 58/58 MP: 0/0
  6090 | D:6      | Learned a level 3 spell: Gell's Gravitas
  6184 | D:6      | Reached skill level 9 in Spellcasting
  6218 | D:6      | Reached skill level 5 in Dodging
  6918 | D:7      | Reached skill level 10 in Spellcasting
  7052 | D:7      | Noticed Prince Ribbit
  7060 | D:7      | Killed Prince Ribbit
  7202 | D:7      | Reached XP level 10. HP: 64/65 MP: 0/0
  7306 | D:8      | Noticed Harold
  7313 | D:8      | Reached skill level 5 in Stealth
  7322 | D:8      | Killed Harold
  7323 | D:8      | Reached skill level 11 in Spellcasting
  7366 | D:8      | Reached *** piety under Makhleb
  7679 | D:8      | Noticed Pikel
  7682 | D:8      | Killed Pikel
  7738 | D:8      | Found a staircase to the Lair.
  7973 | D:8      | Noticed Maggie
  7987 | D:8      | Killed Maggie
  8018 | D:8      | Noticed Gastronok
  8039 | D:8      | Killed Gastronok
  8040 | D:8      | Reached skill level 12 in Spellcasting
  8040 | D:8      | Reached XP level 11. HP: 60/70 MP: 0/0
  8040 | D:8      | Learned a level 4 spell: Animate Armour
  8568 | D:9      | Noticed a two-headed ogre
  8575 | D:9      | Killed a two-headed ogre
  8582 | D:9      | Noticed a deep elf pyromancer
  8586 | D:9      | Noticed a manticore
  8589 | D:9      | Killed a deep elf pyromancer
  8590 | D:9      | Killed a manticore
  8635 | D:9      | Noticed a death knight
  8638 | D:9      | Identified the +5 hand crossbow of Jozuawuq {elec, rF+ MP+9
                  | Str+4 Dex-2}
  8639 | D:9      | Noticed a deep elf pyromancer
  8640 | D:9      | Reached skill level 13 in Spellcasting
  8642 | D:9      | Killed a deep elf pyromancer
  8646 | D:9      | Killed a death knight
  8689 | D:9      | Identified the +4 ring mail "Gocluwkig" {Dex+2}
  8746 | D:9      | Identified 3 scrolls of acquirement
  8747 | D:9      | Acquired a staff of conjuration
  8759 | D:9      | Acquired a manual of Fighting
  8763 | D:9      | Acquired 642 gold pieces
  9228 | D:10     | Entered Level 10 of the Dungeon
  9306 | D:10     | Found a sacrificial altar of Ru.
  9306 | D:10     | Found a hide-covered altar of Uskayaw.
  9306 | D:10     | Found an opulent altar of Gozag.
  9307 | D:10     | Found a glowing silver altar of Zin.
  9307 | D:10     | Found an iron altar of Okawaru.
  9365 | D:10     | Noticed Nergalle
  9372 | D:10     | Reached skill level 1 in Armour
  9378 | D:10     | Killed Nergalle
  9508 | D:10     | Reached XP level 12. HP: 76/76 MP: 0/0
  9641 | D:10     | Reached **** piety under Makhleb
  9646 | D:10     | Reached skill level 14 in Spellcasting
  9686 | D:10     | Found a staircase to the Orcish Mines.
 10002 | D:10     | Found Coc Jipo's Assorted Antiques.
 10136 | D:10     | Found the macabre finger necklace {rN+}
 10243 | D:11     | Reached skill level 5 in Fighting
 10336 | D:11     | You are sucked into a shaft and drop 1 floor!
 10337 | D:12     | Noticed a boulder beetle
 10419 | D:12     | Found Yhabit's Book Shoppe.
 10436 | D:12     | Found Ydig's Weapon Shop.
 10482 | D:12     | Found Heehi Jutiu's Distillery.
 10582 | D:11     | You are sucked into a shaft and drop 2 floors!
 10599 | D:13     | Killed a centaur warrior
 10610 | D:13     | Noticed a rakshasa
 10619 | D:13     | Killed a rakshasa
 10620 | D:13     | Reached skill level 10 in Fighting
 10651 | D:13     | Noticed Erolcha
 10654 | D:13     | Killed Erolcha
 10666 | D:13     | Noticed a centaur warrior
 10667 | D:13     | Noticed a two-headed ogre
 10678 | D:13     | Killed a two-headed ogre
 10682 | D:13     | Noticed a centaur warrior
 10685 | D:13     | Killed a centaur warrior
 10714 | D:13     | Reached XP level 13. HP: 103/103 MP: 0/0
 10714 | D:13     | Learned a level 5 spell: Summon Forest
 10723 | D:13     | Found a gate to the Vaults.
 10745 | D:13     | Reached ***** piety under Makhleb
 10917 | D:12     | Found Yjeaxzas's Assorted Antiques.
 10922 | D:12     | Noticed Rupert
 10934 | D:12     | Killed Rupert
 10947 | D:12     | Noticed Kirke
 10951 | D:12     | Killed Kirke
 10967 | D:12     | Found Ratokhlyss's Armour Emporium.
 11214 | D:12     | Noticed Azrael
 11224 | D:12     | Killed Azrael
 11402 | D:12     | Reached skill level 15 in Fighting
 11620 | D:12     | Reached XP level 14. HP: 112/114 MP: 0/0
 11974 | Lair:1   | Entered Level 1 of the Lair of Beasts
 12046 | Lair:1   | Reached skill level 15 in Spellcasting
 12167 | Lair:1   | Found a gate leading to a gauntlet.
 12177 | Gauntlet | Entered a Gauntlet
 12177 | Gauntlet | Found a transporter.
 12177 | Gauntlet | Found a transporter.
 12178 | Gauntlet | Found a transporter.
 12181 | Gauntlet | Found a transporter.
 12181 | Gauntlet | Found a transporter.
 12181 | Gauntlet | Found a transporter.
 12183 | Gauntlet | Found a large runed translucent door.
 12184 | Gauntlet | Found a large runed translucent door.
 12185 | Gauntlet | Found a large runed translucent door.
 12185 | Gauntlet | Found a large runed translucent door.
 12185 | Gauntlet | Found a runed translucent door.
 12186 | Gauntlet | Found a large runed translucent door.
 12187 | Gauntlet | Found the +4 dagger "Morg" {pain, Will+ Int+5}
 12188 | Gauntlet | Found a large runed translucent door.
 12189 | Gauntlet | Found a large runed translucent door.
 12190 | Gauntlet | Found a large runed translucent door.
 12191 | Gauntlet | Found a runed translucent gate.
 12192 | Gauntlet | Found a runed translucent gate.
 12193 | Gauntlet | Found a transporter.
 12193 | Gauntlet | Found a transporter.
 12197 | Gauntlet | Found a transporter.
 12208 | Gauntlet | Found a transporter.
 12209 | Gauntlet | Found a transporter.
 12210 | Gauntlet | Found a transporter.
 12252 | Gauntlet | Found a runed translucent gate.
 12253 | Gauntlet | Found a large runed translucent door.
 12253 | Gauntlet | Found a large runed translucent door.
 12254 | Gauntlet | Found a large runed translucent door.
 12255 | Gauntlet | Found a large runed translucent door.
 12256 | Gauntlet | Found a large runed translucent door.
 12256 | Gauntlet | Found a large runed translucent door.
 12256 | Gauntlet | Found a runed translucent door.
 12257 | Gauntlet | Found a large runed translucent door.
 12258 | Gauntlet | Found a large runed translucent door.
 12265 | Gauntlet | Found the ring of the Octopus King
 12415 | Gauntlet | Identified a ring of the Octopus King {rF+ AC+1 EV+1 Str+1
                  | Int+1 Dex+1}
 12521 | Gauntlet | Identified the +0 pair of boots of Syndicalism {rN+ Will+
                  | Int+2 Dex-5}
 12584 | Gauntlet | Identified the +9 rapier of Linearity {antimagic, rN+
                  | Dex+4}
 13540 | Lair:2   | Noticed Urug
 13552 | Lair:2   | Killed Urug
 13835 | Lair:2   | Reached ****** piety under Makhleb
 14150 | Lair:2   | Found a staircase to the Shoals.
 14618 | Lair:3   | Found a transporter.
 14620 | Lair:3   | Found a transporter.
 14652 | Lair:3   | Reached skill level 16 in Spellcasting
 14713 | Lair:3   | Reached skill level 1 in Shields
 14943 | Lair:4   | Found a staircase to the Snake Pit.
 16069 | Lair:5   | Reached XP level 15. HP: 120/120 MP: 0/0
 16069 | Lair:5   | Learned a level 6 spell: Shadow Creatures
 16648 | Lair:5   | Identified the +6 war axe of Wiased {vorpal, rElec rPois
                  | rF++ Int-5}
 17084 | Lair:6   | Entered Level 6 of the Lair of Beasts
 17097 | Lair:6   | Noticed Sonja
 17100 | Lair:6   | Killed Sonja
 17316 | Lair:6   | Found a viscous altar of Jiyva.
 17316 | Lair:6   | Found a staircase to the Slime Pits.
 17683 | Lair:6   | Reached skill level 17 in Spellcasting
 17825 | Lair:6   | Identified the +5 ring mail of Snakes and Ladders {rElec
                  | rC+}
 18491 | Orc:1    | Entered Level 1 of the Orcish Mines
 18499 | Orc:1    | Found a runed translucent door.
 18501 | Orc:1    | Noticed HendSelp's ghost (journeyman MiGl)
 18527 | Orc:1    | Found a flagged portal.
 18533 | Bailey   | Entered a bailey
 18704 | Bailey   | Noticed an orc warlord
 18735 | Bailey   | Killed an orc warlord
 18800 | Bailey   | Identified the +8 dagger of Quick Death {vorpal, rF+ Dex+4}
 18824 | Bailey   | Reached skill level 5 in Shields
 18824 | Bailey   | Reached XP level 16. HP: 128/128 MP: 0/0
 18996 | Orc:1    | Acquired 677 gold pieces
 19174 | Orc:1    | Killed HendSelp's ghost
 19179 | Orc:1    | Identified the +6 hunting sling of the Hand {flame, Int+4}
 19586 | Orc:2    | Entered Level 2 of the Orcish Mines
 19944 | Orc:2    | Found a staircase to the Elven Halls.
 20443 | Orc:2    | Found Gyrumog's Book Emporium.
 20451 | Orc:2    | Reached XP level 17. HP: 131/133 MP: 0/0
 20451 | Orc:2    | Learned a level 6 spell: Invisibility
 20552 | Orc:2    | Found Haulesh's Magic Scroll Shoppe.
 20881 | Orc:2    | Found Eceses's Antique Armour Emporium.
 20889 | Orc:2    | Bought a glowing troll leather armour for 540 gold pieces
 20956 | Orc:2    | Found Joastrileuq's Book Boutique.
 21929 | Snake:1  | Entered Level 1 of the Snake Pit
 21957 | Snake:1  | Reached skill level 18 in Spellcasting
 22402 | Snake:1  | Found a stormy altar of Qazlal.
 24227 | Snake:3  | Reached XP level 18. HP: 127/141 MP: 0/0
 24288 | Snake:3  | Reached skill level 19 in Spellcasting
 24947 | Snake:4  | Entered Level 4 of the Snake Pit
 24988 | Snake:4  | Found Zaejaw's Weapon Emporium.
 24993 | Snake:4  | Found Kuiboepp's Weapon Emporium.
 26182 | Snake:4  | Reached skill level 20 in Spellcasting
 26344 | Snake:4  | Got a serpentine rune of Zot
 26629 | Shoals:1 | Entered Level 1 of the Shoals
 26793 | Shoals:1 | Reached XP level 19. HP: 148/148 MP: 0/0
 26793 | Shoals:1 | Learned a level 7 spell: Malign Gateway
 26882 | Shoals:1 | Found a runed translucent door.
 26893 | Shoals:1 | Noticed Qoceumut's ghost (journeyman DsAK)
 27212 | Shoals:1 | Found Ytyemeirch's Distillery.
 27221 | Shoals:1 | Bought 2 potions of heal wounds for 150 gold pieces
 27447 | Shoals:1 | Killed Qoceumut's ghost
 27456 | Shoals:1 | Identified the Volume of Damaging Changing
 27713 | Shoals:2 | Reached skill level 10 in Shields
 27949 | Shoals:2 | Identified the +0 robe of the Blizzard {rPois}
 28179 | Shoals:2 | Noticed Polyphemus
 28640 | Shoals:2 | Killed Polyphemus
 29582 | Shoals:4 | Entered Level 4 of the Shoals
 29642 | Shoals:4 | HP: 5/148 [merfolk javelineer/javelin (19)]
 29897 | Shoals:4 | Noticed Ilsuiw
 30006 | Shoals:4 | HP: 6/149 [merfolk javelineer/javelin (18)]
 30132 | Shoals:4 | Killed Ilsuiw
 30133 | Shoals:4 | Reached skill level 21 in Spellcasting
 30613 | Shoals:4 | Identified the +6 quick blade of Okawaru's Whim {flame,
                  | Will- Str+10 Dex-4}
 30631 | Shoals:4 | Got a barnacled rune of Zot
 30878 | Shoals:3 | Upgraded the game from 0.27-a0-1084-g78b3836a5f to
                  | 0.27-a0-1090-gb115f176c6
 31138 | Elf:1    | Entered Level 1 of the Elven Halls
 31142 | Elf:1    | Reached XP level 20. HP: 151/157 MP: 0/0
 31513 | Elf:1    | Found a runed translucent gate.
 31513 | Elf:1    | Found a runed translucent gate.
 31513 | Elf:1    | Found a runed translucent gate.
 31513 | Elf:1    | Found a runed translucent gate.
 31513 | Elf:1    | Found a runed translucent gate.
 31515 | Elf:1    | Found a runed translucent gate.
 31658 | Elf:1    | Found Fuddukiy's Book Boutique.
 31750 | Elf:1    | Reached skill level 10 in Dodging
 32380 | Elf:2    | Found a portal to a secret trove of treasure.
 32661 | Elf:2    | Found a huge runed translucent gate.
 32661 | Elf:2    | Found a huge runed translucent gate.
 32661 | Elf:2    | Found a huge runed translucent gate.
 32662 | Elf:2    | Found a huge runed translucent gate.
 32664 | Elf:2    | Found a huge runed translucent gate.
 33167 | Elf:3    | Entered Level 3 of the Elven Halls
 33279 | Elf:3    | Found Woych's Antique Weapon Emporium.
 33673 | Elf:3    | Reached skill level 22 in Spellcasting
 33756 | Elf:3    | Reached XP level 21. HP: 152/164 MP: 0/0
 33756 | Elf:3    | Learned a level 8 spell: Discord
 33790 | Elf:3    | Identified the +9 whip "Xoemiyte" {chaos, Str+4 Int+2}
 33935 | Elf:3    | Found the +8 autumn katana {vorpal, Clar}
 33956 | Elf:3    | Identified the +5 falchion "Plog" {vorpal, Str+5 Int+3
                  | Stlth-}
 34024 | Elf:3    | Identified the +4 scale mail of Freedom {rElec rF+ Will++
                  | Dex-5}
 34345 | D:13     | Identified the +2 leather armour "Norretyel" {rPois Str+7}
 34437 | D:13     | Found a shimmering altar of Xom.
 34750 | Vaults:1 | Entered Level 1 of the Vaults
 34825 | Vaults:1 | HP: 7/164 [ironbound frostheart (18)]
 34825 | Vaults:1 | Annihilated by an ironbound frostheart

Illustrated notes

Levels and vault maps discovered:
D:1:      dpeg_arrival_caged_fury, layout_loops_ring, minmay_hexomino_u4
D:2:      layout_loops_ring, minmay_puff
D:3:      layout_loops_ring, columned_hall_lemuel
D:4:      layout_gridville, minmay_temple_entry_proselytizer, feat_on_display
D:5:      minmay_spotlight, layout_basic, gammafunk_ghost_necromancy
D:6:      layout_cave_pools, marbit_many_paths
D:7:      layout_loops_cross, uniq_prince_ribbit1
D:8:      layout_cave_pods, lair_entry_dummy, uniq_gastronok, uniq_pikel,
          uniq_maggie, uniq_harold
D:9:      minmay_the_grid_octo_2x2 [minmay_the_grid_octo_tetromino_candy,
          minmay_the_grid_octo_pinwheel, minmay_the_grid_octo_clover_2,
          minmay_the_grid_octo_prize_square_snowflake], layout_basic,
          serial_park_tiny_1
D:10:     lemuel_flame_loot_2, layout_loops_corners, grunt_temple_overflow_open,
          david_orc_4, serial_shops, shop, uniq_nergalle
D:11:     minmay_angry_zag, layout_cave_pools, ebering_ghost_funeral_grove
D:12:     kennysheep_windowed_halls, layout_basic, serial_shops,
          nicolae_shop_behind_doors, shop_statue, nicolae_shop_behind_doors,
          shop, nicolae_shop_crystal, uniq_azrael, uniq_kirke, uniq_rupert
D:13:     layout_roguey, david_vaults_3, xom_confusion_cloud, uniq_erolcha
Temple:   regret_index_temple_sphere_string
Lair:1:   layout_layer_cave, gauntlet_entry_generic,
          hangedman_lair_generics_rect, serial_bayou_shore_a,
          grunt_megastairs_1, lemuel_fruit_tree, minmay_lair_oklob_chamber
Lair:2:   layout_regular_city, minmay_shoals_entry_lonely_mermaid,
          fungi_pond_lemuel, beast_lair_carwin_4, uniq_urug
Lair:3:   gammafunk_boulding_lane, layout_concentric_octagons
Lair:4:   layout_small_grid, minmay_snake_entry_guardpost_small,
          grunt_forest_large_clearings
Lair:5:   layout_regular_city, serial_bayou_ford_a, roderic_carrion_pond,
          infiniplex_staircase_pool_2, grunt_megastairs_4
Lair:6:   minmay_lair_end_enchanted_forest, layout_long_grid,
          dpeg_slime_entry_enclosed_altar, lemuel_fruit_fields,
          serial_bayou_shore_b, uniq_sonja
Shoals:1: layout_shoals, serial_shops, nicolae_shop_stone,
          ebering_ghost_reflecting_pool
Shoals:2: layout_shoals, uniq_polyphemus
Shoals:3: layout_shoals
Shoals:4: shoals_end_grunt_garden, layout_shoals, shoals_ilsuiw_ice
Snake:1:  layout_onion, basic_altar
Snake:2:  layout_rooms
Snake:3:  layout_chambers, grunt_megastairs_2
Snake:4:  snake_pit_salamanders_mu, layout_cave_town, nicolae_snake_double_loop,
          minmay_shop_star
Orc:1:    layout_diamond_mine, enter_bailey_4, ebering_ghost_inner_flame,
          nicolae_orc_bridge_out, nicolae_orc_crystal_geode
Orc:2:    pubby_orc_utopia
Elf:1:    layout_rooms, serial_shops, shop, orc_legates, billiards_dpeg,
          lemuel_upstairs_altar
Elf:2:    layout_rooms, nicolae_trove_entry_isolated
Elf:3:    minmay_elf_hall_quartered_circle, layout_geoelf_octagon, serial_shops,
          shop_fountains
Vaults:1: nicolae_vaults_theta, vaults_room_corners, v_misc_18,
          grunt_vaults_trifunnel, nicolae_vaults_diagonal_hallway_8,
          hangedman_vaults_river_flow, vaults_room_door_hall,
          vaults_room_ringed_pool, st_eye, v_misc_13, ontoclasm_vaults_chip,
          layout_vaults_big_cross

Skill      XL: |  1  2  3  4  5  6  7  8  9 10 11 12 13 14 15 16 17 18 19 20 21 |
---------------+----------------------------------------------------------------+-----
Spellcasting   | 4 5 6 7 8 10 12 13 14 16 17 18 20 21 22 | 22.4
Stealth        | 2 3 4 5 6 |  6.0
Dodging        | 3 4 5 6 7 8 9 10 | 10.3
Fighting       | 1 2 3 13 15 16 17 18 | 18.6
Armour         | 1 2 |  2.1
Shields        | 2 5 6 8 9 10 11 12 | 12.1
Polearms       | |  0.5

Action                   |  1- 3 |  4- 6 |  7- 9 | 10-12 | 13-15 | 16-18 | 19-21 || total
-------------------------+-------+-------+-------+-------+-------+-------+-------++-------
Melee: Mace              |       |    11 |     2 |       |       |       |       ||    13
       Spear             |       |       |     3 |       |       |       |       ||     3
       Staff             |       |       |       |     5 |     7 |     4 |     6 ||    22
       Headbutt          |       |       |       |     2 |     2 |       |     1 ||     5
 Cast: Magic Dart        |    83 |    43 |    19 |    47 |    92 |   124 |   112 ||   520
       Searing Ray       |     1 |    36 |    37 |    53 |   101 |   116 |    91 ||   435
       Call Imp          |       |     5 |       |     2 |       |       |       ||     7
       Fulminant Prism   |       |       |    39 |    71 |   160 |   196 |   228 ||   694
       Iskenderun's Myst |       |       |     4 |    46 |   192 |   246 |   217 ||   705
       Dazzling Flash    |       |       |       |     2 |     1 |       |       ||     3
       Conjure Flame     |       |       |       |     3 |       |       |       ||     3
       Animate Armour    |       |       |       |     1 |       |       |       ||     1
       Gell's Gravitas   |       |       |       |     2 |       |       |     3 ||     5
       Summon Forest     |       |       |       |       |     3 |     6 |    11 ||    20
       Shadow Creatures  |       |       |       |       |     2 |       |     1 ||     3
       Malign Gateway    |       |       |       |       |       |       |     3 ||     3
       Discord           |       |       |       |       |       |       |    10 ||    10
Evoke: Wand              |       |       |       |       |       |       |     1 ||     1
  Use: Scroll            |       |     5 |     2 |    13 |     8 |     5 |    13 ||    46
       Potion            |       |     1 |       |       |     3 |       |     6 ||    10
 Stab: Sleeping          |       |       |     1 |     1 |       |     1 |       ||     3
Armor: Robe              |     2 |    13 |     2 |     1 |       |       |       ||    18
       Troll leather arm |       |       |       |    18 |    27 |    23 |    29 ||    97
Dodge: Dodged            |    12 |    19 |    16 |    17 |    42 |    93 |   120 ||   319
Block: Buckler           |       |       |       |       |     8 |    46 |    63 ||   117
       Reflection        |       |       |       |       |       |     7 |    21 ||    28

Table legend: (Time is in decaauts)
 A = Elapsed time spent in this place.
 B = Non-inter-level travel time spent in this place.
 C = Inter-level travel time spent in this place.
 D = Time resting spent in this place.
 E = Time spent auto-exploring this place.
 F = Levels seen in this place.
 G = Mean time per level.
                   A        B        C        D        E       F      G
               +--------+--------+--------+--------+--------+-----+--------+
         Total |  34875 |  32636 |   2239 |   2763 |  15475 |  36 |  968.8 |
       Dungeon |  12498 |  11720 |    778 |   1221 |   7125 |  13 |  961.4 |
        Temple |    237 |    156 |     81 |      0 |    154 |   1 |  237.0 |
          Lair |   6227 |   5701 |    526 |    155 |   3841 |   6 | 1037.8 |
        Shoals |   4299 |   4131 |    168 |    637 |   1038 |   4 | 1074.8 |
     Snake Pit |   4650 |   4308 |    342 |    223 |   1894 |   4 | 1162.5 |
  Orcish Mines |   2989 |   2731 |    258 |    286 |   1126 |   2 | 1494.5 |
   Elven Halls |   2994 |   2909 |     85 |    214 |    293 |   3 |  998.0 |
        Vaults |     75 |     75 |      0 |      0 |      0 |   1 |   75.0 |
        Bailey |    461 |    461 |      0 |     12 |      0 |   1 |  461.0 |
      Gauntlet |    442 |    442 |      0 |     15 |      4 |   1 |  442.0 |
               +--------+--------+--------+--------+--------+-----+--------+

Top non-repeatable levels by time:
   Orc:2: 2031 daAuts
     D:1: 1746 daAuts
 Snake:4: 1560 daAuts
     D:2: 1432 daAuts
 Snake:3: 1416 daAuts
Shoals:2: 1289 daAuts
    D:12: 1265 daAuts
Shoals:3: 1255 daAuts
    D:10: 1215 daAuts
  Lair:6: 1213 daAuts
  Lair:1: 1200 daAuts
  Lair:4: 1172 daAuts
   Elf:1: 1124 daAuts
     D:9: 1100 daAuts
  Lair:5: 1037 daAuts
